AoeStats
← Pernobyl

Scandinavia

510401608Analyzed
1v1 RM · 3d ago on Sep 30, 2026· 51m 31s· 2 players
Game mode
Random Map
Map size
Tiny (2 player)
Population
200
Speed
Normal
Resources
Standard
Victory
Conquest
Starting age
Dark Age
Ending age
Imperial Age
RankedLock teamsTeams togetherTeam positionsShared explorationLock speedFull tech treeHidden civsTurbo modeCheats
Victory
Defeat
🇸🇪 Khitans · Sweden
1221
+17
🇩🇪 Teutons · Germany
1238
-17
Pernobyl
3:25 Loom
11:36 Feudal Age
12:13 Town Watch
12:15 Double-Bit Axe
18:32 Castle Age
16:39 Domestication
18:14 Stone Mining
18:45 Gold Mining
20:44 Pastoralism
20:50 Pastoralism
23:45 Sanctity
24:01 Wheelbarrow
24:54 Bow Saw
26:28 Hand Cart
26:16 Scale Mail Armor
26:27 Forging
27:12 Town Patrol
27:34 Chain Mail Armor
31:16 Imperial Age
28:49 Squires
29:16 Fletching
31:08 Iron Casting
30:29 Bodkin Arrow
30:58 Ballistics
30:48 Careening
30:37 Murder Holes
30:53 Fortified Wall
31:56 Lamellar Armor
32:57 Conscription
34:07 Plate Mail Armor
34:52 Chemistry
35:04 Bracer
34:58 Arson
34:58 Elite Liao Dao
36:02 Masonry
37:25 Two-Man Saw
36:56 Ordo Cavalry
36:55 Padded Archer Armor
37:36 Thumb Ring
37:57 Parthian Tactics
37:28 Heavy Cavalry Archer
38:32 Leather Archer Armor
39:48 Ring Archer Armor
39:48 Devotion
40:48 Siege Engineers
41:32 Husbandry
41:40 Treadmill Crane
43:47 Faith
45:55 Stone Shaft Mining
45:00 Light Cavalry
45:50 Scale Barding Armor
49:46 Hussar
50:52 Chain Barding Armor
52:09 Plate Barding Armor
[SINO]An An
9:40 Loom
11:55 Feudal Age
16:06 Castle Age
13:56 Double-Bit Axe
14:39 Scale Barding Armor
14:54 Horse Collar
15:50 Forging
17:12 Wheelbarrow
17:08 Gold Mining
17:47 Town Watch
20:23 Chain Barding Armor
21:16 Bow Saw
23:42 Iron Casting
24:04 Bloodlines
28:52 Heavy Plow
30:16 Hand Cart
33:26 Imperial Age
31:52 Scale Mail Armor
32:13 Masonry
32:24 Ballistics
35:14 Chemistry
34:34 Cavalier
37:14 Chain Mail Armor
39:52 Plate Mail Armor
39:49 Squires
39:34 Gambesons
43:16 Fletching
44:27 Blast Furnace
44:05 Plate Barding Armor
44:23 Crenellations
45:08 Paladin
48:49 Blast Furnace
Connection lost

Rejoining the realm…

Still unreachable

The connection could not be restored.

Session expired

The server has moved on; the page needs a fresh start.